 Dungeon Crawl Stone Soup version 0.23.2-1-ga50397a6bc (webtiles) character file.

Game seed: 11320954553393829085

7394 Foic the Grappler (level 10, -1/100 HPs)
             Began as a Troll Monk on May 14, 2019.
             Slain by an orc wizard
             ... wielding a +2 dagger of speed
              (6 damage)
             ... on level 12 of the Dungeon.
             The game lasted 00:27:53 (7854 turns).

Foic the Grappler (Troll Monk)                      Turns: 7854, Time: 00:27:54

Health: -1/100     AC:  7    Str: 21    XL:     10   Next: 92%
Magic:  9/9        EV: 15    Int:  6    God:
Gold:   610        SH:  0    Dex: 15    Spells: 9/9 levels left

rFire    . . .     SeeInvis +     - Unarmed
rCold    + . .     Gourm    +   (no shield)
rNeg     . . .     Faith    .   D - +1 robe {rC+}
rPois    .         Spirit   .   (helmet restricted)
rElec    .         Reflect  .   (no cloak)
rCorr    +         Harm     .   (gloves unavailable)
MR       .....                  (boots unavailable)
Stlth    ++........             o - amulet of regeneration
HPRegen  1.06/turn              l - ring of see invisible
MPRegen  0.11/turn              w - ring of resist corrosion

@: about to teleport
A: large, unfitting armour, claws 3, fast metabolism 3, gourmand, mutation
resistance 1, regeneration 1, shaggy fur 1, tough skin 3
a: no special abilities


You were on level 12 of the Dungeon.
You were completely stuffed.

You visited 2 branches of the dungeon, and saw 13 of its levels.

You collected 610 gold pieces.

Inventory:

Hand Weapons
 r - a +0 mace of crushing
 C - a +0 hunting sling
 F - a +3 vampiric spear
Missiles
 g - 334 stones
 j - 2 large rocks
 p - 24 poisoned needles
 s - 14 tomahawks (quivered)
Armour
 D - a +1 robe of cold resistance (worn)
Jewellery
 l - a ring of see invisible (left claw)
 o - an amulet of regeneration (around neck)
 v - an uncursed ring of fire
 w - a ring of resist corrosion (right claw)
Wands
 a - a wand of flame (18)
 f - a wand of iceblast (9)
 u - a wand of enslavement (15)
 z - a wand of polymorph (9)
 I - a wand of digging (3)
Scrolls
 e - 4 scrolls of remove curse
 i - 6 scrolls of teleportation
 q - 2 scrolls of identify
 t - 4 scrolls of blinking {unknown}
 y - a scroll of enchant armour {unknown}
 B - 3 scrolls of vulnerability {unknown}
 H - a scroll of fog {unknown}
Potions
 c - a potion of resistance
 d - 2 potions of might
 h - 2 potions of haste
 k - 4 potions of curing
 m - 4 potions of magic
 n - 3 potions of lignification
 x - 2 potions of heal wounds
 A - a potion of agility
 G - 2 potions of invisibility {unknown}
Miscellaneous
 E - a box of beasts
Comestibles
 b - 16 rations
 J - 2 chunks of flesh


   Skills:
 * Level 6.3 Fighting
 + Level 2.3 Throwing
 * Level 7.9 Dodging
 - Level 1.0 Stealth
 + Level 12.2 Unarmed Combat


You had 9 spell levels left.
You didn't know any spells.
Your spell library contained the following spells:

 Spells                   Type           Power        Failure   Level  Hunger
 Animate Skeleton         Necr           N/A          45%         1    ##.....
 Confusing Touch          Hex            #.....       45%         1    ##.....
 Infusion                 Chrm           #...         45%         1    ##.....
 Pain                     Necr           #...         45%         1    ##.....
 Confuse                  Hex            #.......     83%         3    ####...
 Gell's Gravitas          Tloc           #.........   83%         3    ####...
 Regeneration             Chrm/Necr      #.........   83%         3    ####...
 Spider Form              Tmut/Pois      #.........   83%         3    ####...
 Vampiric Draining        Necr           #.........   83%         3    ####...
 Animate Dead             Necr           N/A          99%         4    #####..
 Petrify                  Tmut/Erth      #.......     99%         4    #####..
 Blade Hands              Tmut           #.........   100%        5    ######.
 Metabolic Englaciation   Hex/Ice        #.........   100%        5    ######.
 Yara's Violent Unravell  Hex/Tmut       #.........   100%        5    ######.
 Hydra Form               Tmut           #.........   100%        6    #######


Dungeon Overview and Level Annotations

Branches:
Dungeon (12/15) Temple (1/1) D:6 Lair (0/6) D:11 D:12 Orc: D:9-12

Altars:
Ashenzari
Cheibriados
Dithmenos
Elyvilon
Fedhas
Gozag
Hepliaklqana
Kikubaaqudgha
Makhleb
Nemelex Xobeh
Okawaru
Qazlal
Ru
Sif Muna
Trog
Uskayaw
Vehumet
Wu Jian
Xom
Yredelemnul
Zin
The Shining One
Beogh


Innate Abilities, Weirdness & Mutations

You are too large for most types of armour.
You have claws for hands.
Your metabolism is lightning-fast.
You like to eat raw meat.
Your natural rate of healing is unusually fast.
You are covered in fur. (AC +1)
You have extremely tough skin. (AC +3)
You are somewhat resistant to further mutation.


Message History

The orc wizard closely misses you. The orc completely misses you.
You claw the orc wizard!
You kill the orc wizard!
The orc warrior hits you with a +0 glaive!!
* * * LOW HITPOINT WARNING * * *
The orc warrior completely misses you.
The orc wizard gestures wildly while chanting.
The orc wizard blinks!
Things that are here:
a +0 hand axe; an orc corpse The orc hits you with a +0 club!
* * * LOW HITPOINT WARNING * * *
The orc wizard gestures wildly while chanting.
The orc wizard seems to speed up.
As you read the scroll labeled KOIBINOUTE, it crumbles to dust.
You feel strangely unstable.
It was a scroll of teleportation.
The orc warrior closely misses you. The orc misses you.
The orc closely misses you.
The orc wizard hits you with a +2 dagger of speed.
You die...

........
......##
...... .....
#...# #...#
#...######
#..@.....#
#(.oo....#
#.....#
#.o.######
#.....
.........
...........#
#......#..!.#
#......#....#


You could see an orc warrior, an orc wizard and 2 orcs.

Vanquished Creatures
  A two-headed ogre (D:10)
  An unseen horror (D:9)
  A cyclops (D:7)
  2 trolls (D:9)
  A hornet (D:7)
  Eustachio (D:6)
  A wraith (D:5)
  2 wyverns
  2 hungry ghosts
  Duvessa (D:6)
  4 orc warriors
  5 ice beasts
  4 sky beasts
  A black bear (D:8)
  8 ogres
  A phantom (D:6)
  2 centaurs
  A big kobold (D:7)
  6 bullfrogs
  Dowan (D:6)
  3 scorpions
  2 crimson imps
  A bullfrog zombie (D:5)
  2 howler monkeys (D:5)
  4 hounds
  A centaur zombie (D:9)
  A jelly (D:11)
  7 orc priests
  12 orc wizards
  Jessica (D:3)
  Ijyb (D:5)
  9 worker ants
  A killer bee zombie (D:8)
  A hound skeleton (D:8)
  A mummy (D:6)
  A worker ant zombie (D:8)
  Robin (D:2)
  3 gnolls (D:4)
  9 adders
  2 shadow imps
  2 oozes
  2 adder skeletons
  A worm (D:4)
  4 dart slugs
  5 leopard geckos
  37 orcs
  3 giant cockroaches
  16 goblins
  6 hobgoblins
  11 jackals
  6 kobolds
  5 quokkas
  5 ball pythons
  6 bats
  3 frilled lizards
  A leopard gecko skeleton (D:7)
  5 rats
227 creatures vanquished.

Notes
Turn   | Place    | Note
-------+----------+-------------------------------------------
     0 | D:1      | Foic the Troll Monk began the quest for the Orb.
     0 | D:1      | Reached XP level 1. HP: 22/22 MP: 0/0
   102 | D:1      | Reached XP level 2. HP: 25/29 MP: 1/1
   440 | D:1      | Reached XP level 3. HP: 36/36 MP: 2/2
   791 | D:2      | Noticed Robin
   801 | D:2      | Killed Robin
   947 | D:2      | Reached XP level 4. HP: 39/45 MP: 3/3
   963 | D:2      | Found an iron altar of Okawaru.
  1374 | D:2      | Reached skill level 4 in Unarmed Combat
  1699 | D:3      | Noticed Jessica
  1705 | D:3      | Killed Jessica
  1705 | D:3      | Reached XP level 5. HP: 53/53 MP: 4/4
  1977 | D:3      | Found a deep blue altar of Sif Muna.
  2492 | D:4      | Noticed a sky beast
  2504 | D:4      | Killed a sky beast
  2504 | D:4      | Reached XP level 6. HP: 61/61 MP: 5/5
  2548 | D:4      | Reached skill level 5 in Unarmed Combat
  3075 | D:4      | Reached XP level 7. HP: 67/67 MP: 6/6
  3299 | D:5      | Entered Level 5 of the Dungeon
  3354 | D:5      | Reached skill level 6 in Unarmed Combat
  3449 | D:5      | Noticed a wraith
  3471 | D:5      | Killed a wraith
  3471 | D:5      | Reached skill level 7 in Unarmed Combat
  3471 | D:5      | Reached XP level 8. HP: 41/78 MP: 7/7
  3510 | D:5      | Reached skill level 5 in Dodging
  3573 | D:5      | Noticed Ijyb
  3624 | D:5      | Killed Ijyb
  3901 | D:6      | Noticed Eustachio
  3916 | D:6      | Killed Eustachio
  3916 | D:6      | Reached skill level 8 in Unarmed Combat
  4098 | D:6      | Found a staircase to the Ecumenical Temple.
  4117 | D:6      | Noticed Duvessa
  4120 | D:6      | Noticed Dowan
  4134 | D:6      | Killed Duvessa
  4134 | D:6      | Reached skill level 1 in Throwing
  4136 | D:6      | Killed Dowan
  4252 | Temple   | Entered the Ecumenical Temple
  4716 | D:6      | Found a snail-covered altar of Cheibriados.
  4852 | D:7      | Reached skill level 9 in Unarmed Combat
  4900 | D:7      | Reached XP level 9. HP: 85/85 MP: 8/8
  4920 | D:7      | Noticed a cyclops
  4945 | D:7      | Killed a cyclops
  4945 | D:7      | Reached skill level 5 in Fighting
  4951 | D:7      | Gained mutation: You are somewhat resistant to further
                  | mutation. [potion of mutation]
  5130 | D:7      | Reached skill level 10 in Unarmed Combat
  5874 | D:8      | Found a roughly hewn altar of Beogh.
  5991 | D:8      | Reached XP level 10. HP: 83/96 MP: 9/9
  6163 | D:8      | Reached skill level 11 in Unarmed Combat
  6539 | D:8      | Found an ancient bone altar of Kikubaaqudgha.
  6539 | D:8      | Found a sparkling altar of Nemelex Xobeh.
  6546 | D:8      | Found a hazy altar of Hepliaklqana.
  6548 | D:8      | Found a snail-covered altar of Cheibriados.
  6550 | D:8      | Found a faded altar of an unknown god.
  6598 | D:8      | Found a burning altar of Makhleb.
  6879 | D:9      | Identified Sif Muna's Grimoire of Moulding and Enhancements
  6918 | D:9      | Found a shattered altar of Ashenzari.
  6918 | D:9      | Noticed an unseen horror
  6930 | D:9      | Killed an unseen horror
  7396 | D:9      | Reached skill level 12 in Unarmed Combat
  7701 | D:10     | Entered Level 10 of the Dungeon
  7709 | D:10     | Noticed a two-headed ogre
  7717 | D:10     | Killed a two-headed ogre
  7779 | D:10     | You fall through a shaft!
  7814 | D:11     | Noticed an orc knight
  7828 | D:11     | Found a staircase to the Lair.
  7852 | D:12     | HP: 2/100 [orc/+0 club (7)]
  7854 | D:12     | Slain by an orc wizard

Skill      XL: |  1  2  3  4  5  6  7  8  9 10 |
---------------+-------------------------------+-----
Dodging        | 3 4 5 6 7 |  7.9
Fighting       | 3 4 5 6 |  6.3
Unarmed Combat | 4 5 7 9 10 12 | 12.2
Throwing       | 1 2 |  2.3
Stealth        | |  1.0

Action                   |  1- 3 |  4- 6 |  7- 9 | 10-12 || total
-------------------------+-------+-------+-------+-------++-------
Melee: Unarmed           |   119 |   127 |   280 |   188 ||   714
       Punch             |     1 |     4 |    13 |    10 ||    28
Throw: Stone             |       |     7 |    10 |       ||    17
       Tomahawk          |       |       |     6 |     9 ||    15
  Use: Scroll            |     2 |     2 |     3 |     1 ||     8
       Potion            |       |       |    10 |       ||    10
 Stab: Sleeping          |     2 |     2 |     2 |     1 ||     7
  Eat: Chunk             |    14 |    18 |    28 |    26 ||    86
Armor: Robe              |    41 |    28 |    55 |    41 ||   165
Dodge: Dodged            |    51 |    59 |   134 |   111 ||   355
